 Dungeon Crawl Stone Soup version 0.25.1-8-g42b30a86e7 (console) character file.

Game seed: 6491054195768349619

186 thromnambular the Sneak (level 5, -2/28 HPs)
             Began as a Kobold Enchanter on Dec 20, 2020.
             Slain by a goblin
             ... wielding a +0 dagger
             ... led by Robin
              (4 damage)
             ... on level 2 of the Dungeon.
             The game lasted 00:10:05 (2254 turns).

thromnambular the Sneak (Kobold Enchanter)          Turns: 2254, Time: 00:10:06

Health: -2/28      AC:  2    Str:  4 (5)  XL:     5   Next: 97%
Magic:  3/8        EV: 16    Int: 14 (17) God:
Gold:   81         SH:  0    Dex: 15 (16) Spells: 2/8 levels left

rFire    . . .     SeeInvis .   a - +1 dagger
rCold    . . .     Gourm    .   (shield restricted)
rNeg     . . .     Faith    .   b - +0 robe
rPois    .         Spirit   .   (no helmet)
rElec    .         Reflect  .   (no cloak)
rCorr    .         Harm     .   (no gloves)
MR       .....                  (no boots)
Stlth    ++++......             (no amulet)
HPRegen  0.09/turn              i - ring of stealth
MPRegen  0.11/turn              (no ring)

@: confusing touch
A: small, carnivore
a: no special abilities


You were on level 2 of the Dungeon.
You were completely stuffed.

You visited 1 branch of the dungeon, and saw 3 of its levels.

You collected 81 gold pieces.

Inventory:

Hand Weapons
 a - a +1 dagger (weapon)
Armour
 b - a +0 robe (worn)
Jewellery
 i - a ring of stealth (left hand)
Scrolls
 f - a scroll of enchant armour {unknown}
 g - 2 scrolls of fog {unknown}
 h - a scroll of identify {unknown}
 n - a scroll of teleportation {unknown}
Potions
 e - a potion of heal wounds {unknown}
 k - a potion of haste {unknown}
 l - a potion of might {unknown}
 m - a potion of curing {unknown}
Comestibles
 d - 4 rations


   Skills:
 + Level 3.6 Short Blades
 + Level 4.0 Dodging
 + Level 5.5 Stealth
 - Level 2.1 Spellcasting
 + Level 4.0 Hexes


You had 2 spell levels left.
You knew the following spells:

 Your Spells              Type           Power        Failure   Level  Hunger
a - Corona                Hex            ##.....      4%          1    #......
b - Ensorcelled Hibernat  Hex/Ice        #.....       16%         2    ###....
c - Confusing Touch       Hex            ##......     13%         3    ###....

Your spell library contained the following spells:

 Spells                   Type           Power        Failure   Level  Hunger
 Tukima's Dance           Hex            ##......     13%         3    ###....
 Dazzling Flash           Conj/Hex       #.....       30%         3    ###....


Dungeon Overview and Level Annotations

Branches:
Dungeon (3/15)

Altars:
The Shining One


Innate Abilities, Weirdness & Mutations

You are small and have problems with some larger weapons.
You are carnivorous and can eat meat at any time.


Message History

Okay, then.
Casting: Confusing Touch (quite dangerous; 11% risk of failure)
Confirm with . or Enter, or press ? or * to list all spells.
The spell is quite dangerous to cast (11% risk of failure)!
Continue anyway?
Your hands begin to glow red.
The goblin barely misses you. The gnoll barely misses you.
You hit the gnoll but do no damage. The goblin completely misses you.
The gnoll hits you.
You hit the gnoll but do no damage. You hit the gnoll but do no damage.
The goblin hits you with a +0 dagger. The gnoll barely misses you.
You hit the gnoll but do no damage. The goblin misses you. The gnoll hits you.
You hit the gnoll but do no damage. The goblin hits you but does no damage.
The gnoll hits you!
* * * LOW HITPOINT WARNING * * *
It was a potion of degeneration.
There was something very wrong with that liquid.
You feel weakened.
You feel dopey.
You feel clumsy. The goblin hits you with a +0 dagger.
You die...

################
...........(...#
##############.###
.(.............g@#
############.#.#g#
...#..).# #.#.#.#
##.#.##.####.#.#.#
##'#.........#.#.#
......#.######.#.#
.)....#........#.#
########
....###........#.#
#.......
...............#.#
#.######


You could see a gnoll and a goblin.

Vanquished Creatures
  An orc wizard (D:3)
  Natasha (thrice) (D:2)
  4 adders (D:2)
  An ooze (D:2)
  2 dart slugs (D:1)
  2 leopard geckos (D:2)
  3 orcs (D:3)
  6 bats
  5 goblins
  2 hobgoblins (D:1)
  4 kobolds (D:1)
  2 frilled lizards (D:2)
  10 rats
45 creatures vanquished.

Notes
Turn   | Place    | Note
-------+----------+-------------------------------------------
     0 | D:1      | thromnambular the Kobold Enchanter began the quest for the
                  | Orb.
     0 | D:1      | Reached XP level 1. HP: 10/10 MP: 3/3
   151 | D:1      | Reached XP level 2. HP: 14/15 MP: 5/5
   158 | D:1      | Learned a level 2 spell: Ensorcelled Hibernation
   590 | D:1      | Reached XP level 3. HP: 19/19 MP: 6/6
  1277 | D:2      | Found a glowing golden altar of the Shining One.
  1297 | D:2      | Noticed Natasha
  1305 | D:2      | Killed Natasha
  1305 | D:2      | Reached XP level 4. HP: 16/24 MP: 2/7
  1310 | D:2      | Noticed Natasha
  1318 | D:2      | Killed Natasha
  1524 | D:2      | Reached skill level 5 in Stealth
  1532 | D:2      | Learned a level 3 spell: Confusing Touch
  1712 | D:2      | Reached XP level 5. HP: 28/28 MP: 8/8
  1944 | D:2      | Noticed Natasha
  2006 | D:2      | Killed Natasha
  2254 | D:2      | Slain by a goblin

Illustrated notes

Levels and vault maps discovered:
D:1:      dpeg_arrival_subterranean_lakeside_camping, layout_basic
D:2:      minmay_door_path, layout_basic, lemuel_doored_altar, first_ration,
          chequers_serial_rivers_marsh, uniq_natasha
D:3:      minmay_roachtagon, layout_basic, gammafunk_ghost_arena,
          minmay_snake_closets, uniq_robin, uniq_jessica

Skill      XL: |  1  2  3  4  5 |
---------------+----------------+-----
Short Blades   | 2 3 |  3.6
Dodging        | 3 4 |  4.0
Stealth        | 5 |  5.5
Hexes          | 4 |  4.0
Spellcasting   | |  2.1

Action                   |  1- 3 |  4- 6 || total
-------------------------+-------+-------++-------
Melee: Dagger            |    83 |    26 ||   109
 Cast: Ensorcelled Hiber |    12 |    11 ||    23
       Corona            |     1 |       ||     1
       Confusing Touch   |       |     1 ||     1
  Use: Potion            |       |     1 ||     1
 Stab: Sleeping          |    14 |    18 ||    32
  Eat: Chunk             |    10 |     4 ||    14
Armor: Robe              |     6 |     3 ||     9
Dodge: Dodged            |    50 |    10 ||    60
